Cogmind - Beta 13 @@@ ROGUE MODE // 2024.04.25 @ 13:10:04 Player: Thqwib Result: Destroyed by L-41 Fighter with Axe Performance ------------- Evolutions (3) 1500 Regions Visited (8) 1600 Robots Destroyed (105) 525 Value Destroyed (5293) 5293 Prototype IDs (30) 600 Alien Tech Used (0) 0 Bonus (2540) 2540 TOTAL SCORE: 12058 Bonus ------- High Alert Combat Kills 1442 Follower Combat Kills 115 Entered Garrisons 200 Used RIF Installer 500 Aligned with FarCom 300 Friendly Fire -17 Cogmind --------- Core Integrity 0/700 Matter 360/600 Energy 310/310 System Corruption 9% Temperature Cool (0) Movement Rolling (100) Location -7/Factory Parts ------- > --- POWER (1) -------- Cooled Deuterium Engine > --- PROPULSION (3) --- Armored Huge Wheel > --- UTILITY (7) ------ Lightpack 2.0 Improved Matter Compressor Armor Integrity Analyzer > --- WEAPON (2) ------- High-powered Shotgun Powered Hammer > --- INVENTORY (40) --- Improved Deuterium Engine Reinforced Deuterium Engine Cooled Deuterium Engine Armored Huge Wheel Armored Huge Wheel Armored Huge Wheel Armored Huge Wheel Armored Huge Wheel Relay Coupler [NC] (27) Relay Coupler [Sentry] (25) Grenade Launcher Remote Datajack Remote Datajack Remote Datajack Remote Datajack Peak State ------------ > --- POWER ------------ Cooled Deuterium Engine > --- PROPULSION ------- Armored Huge Wheel > --- UTILITY ---------- Lightpack 2.0 Improved Matter Compressor Armor Integrity Analyzer Improved Light Armor Plating Hardlight Generator > --- WEAPON ----------- High-powered Shotgun Flak Gun > --- INVENTORY -------- Improved Deuterium Engine Reinforced Deuterium Engine Cooled Deuterium Engine Armored Huge Wheel Armored Huge Wheel Armored Huge Wheel Armored Huge Wheel Armored Huge Wheel Armored Huge Wheel Relay Coupler [NC] Relay Coupler [Sentry] Grenade Launcher Remote Datajack Remote Datajack Remote Datajack Remote Datajack Powered Hammer [Rating: 75] Favorites ----------- Power Light Nuclear Core Engine Improved Deuterium Engine Power Core Light Nuclear Core Propulsion Aluminum Leg Treads Armored Treads Leg Aluminum Leg Wheel Armored Huge Wheel Utility Targeting Computer Device Improved Cooling System Storage Lightpack 2.0 Processor Targeting Computer Hackware Hacking Suite Protection Layered Medium Armor Plating Weapon Gauss Rifle Energy Gun Particle Gun Ballistic Gun Gauss Rifle Ballistic Cannon Assault Cannon Launcher Grenade Launcher Special Weapon Remote Datajack Impact Weapon Powered Hammer Slashing Weapon Blade Saw Special Melee Weapon Datajack Build | -11 -10 -10 -10 -9 -8 -8 -8 -7 ------- Run | Yrd Mat Min Exi Min Mat Sto Gar Fac Slots Evolved 6 | . . . . . 4 . . 2 Power . | . . . . . . . . . Propulsion 1 | . . . . . . . . 1 Utility 5 | . . . . . 4 . . 1 Weapon . | . . . . . . . . . Parts Attached 180 | 6 2 2 2 2 10 23 53 80 Power 20 | 1 . 1 . . 3 3 5 7 Engine 11 | 1 . 1 . . 2 1 2 4 Core 9 | . . . . . 1 2 3 3 Reactor . | . . . . . . . . . Propulsion 37 | 2 . . . 1 2 4 11 17 Treads 3 | . . . . . . . 2 1 Leg 32 | 2 . . . 1 2 4 9 14 Wheel 2 | . . . . . . . . 2 Hover . | . . . . . . . . . Flight . | . . . . . . . . . Utility 33 | 1 1 1 1 . 4 . 6 19 Device 4 | . . . . . 1 . . 3 Storage 7 | 1 . 1 1 . 1 . . 3 Processor 8 | . 1 . . . 1 . 2 4 Hackware 6 | . . . . . 1 . 2 3 Protection 8 | . . . . . . . 2 6 Artifact . | . . . . . . . . . Weapon 90 | 2 1 . 1 1 1 16 31 37 Energy Gun 6 | . 1 . . 1 . 1 . 3 Energy Cannon . | . . . . . . . . . Ballistic Gun 52 | 2 . . 1 . 1 10 19 19 Ballistic Cannon 1 | . . . . . . 1 . . Launcher 17 | . . . . . . 3 9 5 Special Weapon 5 | . . . . . . . . 5 Impact Weapon 3 | . . . . . . . 1 2 Slashing Weapon 2 | . . . . . . 1 1 . Piercing Weapon . | . . . . . . . . . Special Melee Weapon 4 | . . . . . . . 1 3 Unidentified Prototypes 7 | . . . . . . 4 . 3 Parts Lost 34 | . . 1 . . 2 2 10 19 Power 7 | . . . . . 1 . 4 2 Propulsion 11 | . . . . . 1 1 3 6 Utility 7 | . . . . . . . 2 5 Weapon 9 | . . 1 . . . 1 1 6 Highest Loss Streak 6 | . . 1 . . 2 2 5 6 To Critical Strikes 1 | . . . . . . . 1 . Average Slot Usage (%) 82 | . 91 96 100 100 70 80 80 81 Engine 5 | . 14 14 14 14 4 8 1 4 Core 3 | . . . . . 4 . 7 2 Treads 1 | . . . . . . . 1 3 Leg 19 | . 28 28 28 28 18 17 16 17 Storage 9 | . 14 14 14 14 9 9 9 8 Processor 14 | . 6 14 14 14 9 9 17 16 Hackware 5 | . . . . . 6 9 8 5 Protection 1 | . . . . . . . . 4 Energy Gun 2 | . 5 11 . 11 9 . . 1 Ballistic Gun 13 | . 22 14 28 16 9 13 13 11 Impact Weapon 1 | . . . . . . . 3 . Naked Turns . | . . . . . . . . . Heaviest Build 35 | 11 12 19 18 19 19 23 29 35 Greatest Support 70 | 20 20 20 20 20 20 28 50 70 Greatest Overweight (x) 2 | 2 . . . . . . 1 1 Average Overweight (x) . | . . . . . . . . . Largest Inventory Capacity 40 | 8 8 10 10 10 40 40 40 40 Average Capacity 34 | 7 8 8 9 10 40 40 40 39 Most Carried 27 | 5 7 8 9 10 17 21 24 27 Average Carried 17 | 2 5 6 7 9 14 19 22 20 Final Capacity 40 | 8 8 10 10 10 40 40 40 40 Final Carried 23 | 4 6 7 9 9 14 16 23 20 Class Distribution -------------------- 64% | Hauler-Mutant 18% | Mutant 17% | Bothacker-Mutant Dominant Class ---------------- Mutant | -10/Materials Mutant | -10/Mines Mutant | -10/Exiles Mutant | -9/Mines Hauler-Mutant | -8/Materials Hauler-Mutant | -8/Storage Hauler-Mutant | -8/Garrison Hauler-Mutant | -7/Factory Resources | -11 -10 -10 -10 -9 -8 -8 -8 -7 ----------- Run | Yrd Mat Min Exi Min Mat Sto Gar Fac Matter Collected 4204 | 225 67 26 . 56 198 688 1079 1865 Remotely . | . . . . . . . . . Salvage Created 3882 | . 53 21 . 91 406 769 1089 1453 Parts 186 | . 4 1 . 6 19 36 53 67 Haulers Intercepted 1 | . . . . . . 1 . . Recyclers Shooed 2 | . . . . 1 1 . . . Parts Field Recycled . | . . . . . . . . . Retrieved Matter . | . . . . . . . . . Parts Self-Destructed . | . . . . . . . . . Prevented . | . . . . . . . . . Kills | -11 -10 -10 -10 -9 -8 -8 -8 -7 ------- Run | Yrd Mat Min Exi Min Mat Sto Gar Fac Combat Hostiles Destroyed 93 | . 2 2 . 2 6 17 29 35 Melee 2 | . . . . . . . 2 . Guns 59 | . 1 . . 2 5 8 15 28 Cannons 5 | . . . . . . 5 . . AOE 24 | . 1 2 . . . 4 10 7 Classes Destroyed 16 | . 2 1 . . 3 6 2 2 Worker 1 | . . . . . 1 . . . Builder 5 | . . . . . . 2 . 3 Hauler 1 | . . . . . . 1 . . Recycler 1 | . . . . . 1 . . . Mechanic 2 | . . . . . . . . 2 Operator 2 | . . . . . 1 . . 1 Swarmer 14 | . 1 . . . . . 8 5 Grunt 48 | . 1 . . 2 6 10 13 16 Brawler 3 | . . . . . . 1 . 2 Duelist 6 | . . . . . . 1 1 4 Sentry 8 | . . . . . . 4 3 1 Demolisher 3 | . . 2 . . . . . 1 Specialist 2 | . . . . . . . 2 . Hunter 4 | . . . . . . 1 1 2 Programmer 4 | . . . . . . . . 4 Behemoth 1 | . . . . . . . 1 . Best Kill Streak 8 | . 2 2 . 2 3 8 4 7 Combat Bots Only 7 | . 2 2 . 2 3 7 4 5 Max Kills in Single Turn 4 | . 1 2 . 1 1 3 4 4 Gunslinging 1 | . . . . . . . . 1 Exploded 4 | . 1 2 . . . 2 4 3 Melee 1 | . . . . . . . 1 . Uniques/NPCs Destroyed . | . . . . . . . . . Combat | -11 -10 -10 -10 -9 -8 -8 -8 -7 -------- Run | Yrd Mat Min Exi Min Mat Sto Gar Fac Hostile Shots Fired 646 | . 9 . . 6 31 68 206 326 Missed 173 | . 5 . . 1 4 11 66 86 Damage Taken 8118 | . 89 55 . 54 421 897 2054 4548 Core 1248 | . 38 . . . 46 116 318 730 Absorbed by Shields 24 | . . . . . . . . 24 Core Remaining (%) 65 | 100 . . . 84 . . 12 . Volleys Fired 282 | . 4 3 . 4 29 57 65 120 Largest 2 | . 2 2 . 2 2 2 2 2 Hottest 93 | . 60 60 . 40 93 69 60 93 Shots Fired 515 | . 8 6 . 8 57 111 118 207 Gun 453 | . 8 6 . 8 57 73 106 195 Cannon 33 | . . . . . . 33 . . Launcher 24 | . . . . . . 5 12 7 Special 5 | . . . . . . . . 5 Kinetic 426 | . 4 3 . 8 29 106 106 170 Thermal 37 | . . . . . 28 . . 9 Explosive 24 | . . . . . . 5 12 7 Electromagnetic 23 | . 4 3 . . . . . 16 Robot Hit Streak 21 | . 5 3 . 2 13 14 21 13 Robot Miss Streak 7 | . 1 2 . 1 2 2 2 7 Penetration Max 1 | . . . . . 1 . 1 1 Secondary Targets 6 | . . . . . . . 2 4 Max Gunslinging Chain 1 | . . . . . . . 1 1 Shots Hit Robots 396 | . 6 3 . 5 43 81 94 164 Core Hits 242 | . 4 4 . 5 17 46 45 121 Critical Kills 2 | . . . . . . 1 . 1 Critical Parts Destroyed 5 | . . . . . . . 3 2 Critical Strikes 9 | . . . . . 1 2 3 3 Burn 1 | . . . . . 1 . . . Destroy 3 | . . . . . . 1 . 2 Blast 1 | . . . . . . 1 . . Smash 4 | . . . . . . . 3 1 Melee Attacks 65 | . . . . . . 1 55 9 Impact 53 | . . . . . . . 50 3 Slashing 5 | . . . . . . 1 4 . Piercing . | . . . . . . . . . Sneak Attacks 4 | . . . . . . . . 4 Combat Hostiles . | . . . . . . . . . Follow-up Attacks . | . . . . . . . . . Damage Inflicted 10193 | . 116 142 . 67 831 2362 2675 4000 Guns 6277 | . 69 35 . 54 831 894 1620 2774 Cannons 600 | . . . . . . 600 . . Explosions 2885 | . 47 86 . . . 868 804 1080 Melee 382 | . . . . . . . 251 131 Ramming 49 | . . 21 . 13 . . . 15 Kinetic 6241 | . 42 10 . 54 497 1494 1620 2524 Thermal 666 | . 47 86 . . 334 . . 199 Explosive 2641 | . . . . . . 868 804 969 Electromagnetic 214 | . 27 25 . . . . . 162 Impact 382 | . . . . . . . 251 131 Slashing . | . . . . . . . . . Piercing . | . . . . . . . . . Highest Corruption 13 | . . . . . . 2 2 13 Average Corruption 4 | . . . . . . 2 2 6 Corruption Purged 5 | . . . . . . . . 5 Corruption Blocked . | . . . . . . . . . Effects 70 | . . . . . . 2 24 44 Message Errors 13 | . . . . . . 1 5 7 Matter Fused 10 | . . . . . . . 3 7 Heat Flow Errors 7 | . . . . . . . 2 5 Energy Discharges 12 | . . . . . . . 5 7 Parts Fused 1 | . . . . . . . . 1 Data Loss (minor) 14 | . . . . . . 1 6 7 Data Loss (major) 3 | . . . . . . . 1 2 Misfires 6 | . . . . . . . 2 4 Weapon Failures 4 | . . . . . . . . 4 Overload Shots . | . . . . . . . . . Overflow Damage 339 | . . 19 . . . 6 176 138 Projectiles . | . . . . . . . . . Explosions 80 | . . 19 . . . 6 . 55 Melee 259 | . . . . . . . 176 83 Knockbacks 3 | . . . . . . 1 . 2 Impact 2 | . . . . . . . . 2 Kinetic 1 | . . . . . . 1 . . Secondary . | . . . . . . . . . Self-Inflicted Damage 156 | . 38 55 . . . . 2 61 Shots 5 | . 1 1 . . . . 1 2 Rammed . | . . . . . . . . . Targets Rammed 8 | . . 5 . 1 . . . 2 Kicked 8 | . . 5 . 1 . . . 2 Crushed . | . . . . . . . . . Highest Temperature 378 | . 36 12 . 9 378 6 198 210 Average Temperature 51 | . 15 12 . 7 124 6 30 33 Received Heat Transfer 2268 | . 24 . . 21 261 459 642 861 Effects 1 | . . . . . 1 . . . Shutdowns 1 | . . . . . 1 . . . Siege Activations . | . . . . . . . . . Robots Corrupted . | . . . . . . . . . Combat Hostiles . | . . . . . . . . . Parts Fried 4 | . . . . . . . 2 2 Impact Corruptions 10 | . . . . . . . 7 3 Robots Melted 1 | . . . . . 1 . . . Combat Hostiles 1 | . . . . . 1 . . . Parts Melted 1 | . . . . . 1 . . . Heat Transferred 1373 | . 100 100 . . 851 . . 322 Parts Sabotaged . | . . . . . . . . . Parts Stolen . | . . . . . . . . . Parts Stripped . | . . . . . . . . . Power Chain Reactions 3 | . 1 1 . . . . . 1 Alert | -11 -10 -10 -10 -9 -8 -8 -8 -7 ------- Run | Yrd Mat Min Exi Min Mat Sto Gar Fac Peak Influence 1582 | . 89 46 . 50 135 581 1582 1022 Initial 830 | . . 34 . . 19 56 372 830 Average 682 | . 40 35 . 43 50 373 1060 855 Maximum Alert Level 4 | . . . . . . 2 4 3 Low Security (%) 26 | 100 100 100 . 100 100 19 . . Level 1 3 | . . . . . . 20 5 . Level 2 15 | . . . . . . 60 18 13 Level 3 35 | . . . . . . . 17 86 Level 4 19 | . . . . . . . 59 . Level 5 . | . . . . . . . . . High Security . | . . . . . . . . . Max Security . | . . . . . . . . . Squads Dispatched 31 | . 4 . . . 3 7 . 17 Investigation 6 | . 1 . . . 1 2 . 2 Extermination 5 | . . . . . . . . 5 Reinforcement 10 | . 3 . . . 1 1 . 5 Assault 4 | . . . . . . 2 . 2 Garrison 6 | . . . . . 1 2 . 3 Intercept . | . . . . . . . . . Searches Triggered . | . . . . . . . . . Construction Impeded 3 | . . . . . 1 . . 2 Haulers Reinforced . | . . . . . . . . . Active Scanning Responses . | . . . . . . . . . Cargo Convoy Interrupts 1 | . . . . . . . . 1 Stealth | -11 -10 -10 -10 -9 -8 -8 -8 -7 --------- Run | Yrd Mat Min Exi Min Mat Sto Gar Fac Distress Signals 5 | . 1 . . . 1 1 . 2 Communications Jammed . | . . . . . . . . . Distress Signals . | . . . . . . . . . Times Spotted 143 | . 9 3 . 6 11 30 28 56 Peak Tracking Total 8 | . 8 2 . 4 6 6 6 6 Tactical Retreats 9 | . . . . . 2 2 1 4 Traps | -11 -10 -10 -10 -9 -8 -8 -8 -7 ------- Run | Yrd Mat Min Exi Min Mat Sto Gar Fac Traps Triggered 7 | . . . . . . 1 3 3 Indirectly . | . . . . . . . . . Trap Hack Attempts . | . . . . . . . . . Triggered . | . . . . . . . . . Disarmed . | . . . . . . . . . Reprogrammed . | . . . . . . . . . Reused . | . . . . . . . . . Traps Extracted . | . . . . . . . . . Installed . | . . . . . . . . . Triggered 1 | . . . . . . . . 1 Machines | -11 -10 -10 -10 -9 -8 -8 -8 -7 ---------- Run | Yrd Mat Min Exi Min Mat Sto Gar Fac Machines Disabled 14 | . . . . . 1 4 5 4 Max in Single Turn 3 | . . . . . 1 1 1 3 Garrison Relay 5 | . . . . . . . 5 . Machines Repaired . | . . . . . . . . . Machines Dismantled . | . . . . . . . . . Machines Sabotaged . | . . . . . . . . . Overloaded Fab Kills . | . . . . . . . . . Hacking | -11 -10 -10 -10 -9 -8 -8 -8 -7 --------- Run | Yrd Mat Min Exi Min Mat Sto Gar Fac Machines Accessed 18 | . 3 . 1 . 2 4 3 5 Terminals 11 | . 1 . . . 2 3 3 2 Fabricators 1 | . . . . . . . . 1 Repair Stations 1 | . . . . . . . . 1 Recycling Units 3 | . 2 . . . . . . 1 Scanalyzers . | . . . . . . . . . Garrison Access 1 | . . . . . . 1 . . Total Hacks 54 | . 11 . 1 . 7 13 10 12 Successful 24 | . 5 . 1 . 1 7 4 6 Failed 30 | . 6 . . . 6 6 6 6 Catastrophic 5 | . 1 . . . 1 2 1 . Database Lockouts . | . . . . . . . . . Manual 27 | . 3 . 1 . 7 6 8 2 Terminals 39 | . 6 . . . 7 11 10 5 Fabricators 3 | . . . . . . . . 3 Repair Stations 2 | . . . . . . . . 2 Recycling Units 7 | . 5 . . . . . . 2 Scanalyzers . | . . . . . . . . . Garrison Access 2 | . . . . . . 2 . . Terminal Hacks 8 | . 1 . 1 . . 3 1 2 Open DSF 1 | . . . . . . . . 1 Level Access Points 1 | . . . . . . . . 1 Hauler Manifests 1 | . . . . . . 1 . . Zone Layout 4 | . 1 . . . . 2 1 . Derelict Proto ID Bank 1 | . . . 1 . . . . . Fabricator Hacks 1 | . . . . . . . . 1 Build 1 | . . . . . . . . 1 Repair Station Hacks . | . . . . . . . . . Recycling Unit Hacks 3 | . 2 . . . . . . 1 Retrieve Components 3 | . 2 . . . . . . 1 Scanalyzer . | . . . . . . . . . Garrison Access Hacks 2 | . . . . . . 2 . . Unlock Access 1 | . . . . . . 1 . . Coupler Status 1 | . . . . . . 1 . . Unauthorized Hacks 10 | . 2 . . . 1 2 3 2 Terminals 8 | . 1 . . . 1 2 3 1 Botnet 8 | . 1 . . . 1 2 3 1 Fabricators . | . . . . . . . . . Repair Stations . | . . . . . . . . . Recycling Units 2 | . 1 . . . . . . 1 Monitor 2 | . 1 . . . . . . 1 Scanalyzers . | . . . . . . . . . Garrison Access . | . . . . . . . . . Data Cores Recovered . | . . . . . . . . . Used . | . . . . . . . . . Hacking Detections 16 | . 3 . . . 2 4 3 4 Full Trace Events 8 | . 2 . . . 2 2 1 1 Feedback Events . | . . . . . . . . . Feedback Blocked . | . . . . . . . . . Robot Schematics Acquired . | . . . . . . . . . Robots Built 3 | . . . . . . . . 3 Authchips . | . . . . . . . . . Time 116 | . . . . . . . . 116 Total Robot Build Rating 9 | . . . . . . . . 9 Part Schematics Acquired . | . . . . . . . . . Parts Built . | . . . . . . . . . Authchips . | . . . . . . . . . Time . | . . . . . . . . . Total Part Build Rating . | . . . . . . . . . Parts Repaired . | . . . . . . . . . Time . | . . . . . . . . . Parts Recycled . | . . . . . . . . . Recycled Matter . | . . . . . . . . . Retrieved Matter . | . . . . . . . . . Retrieved Components 5 | . 5 . . . . . . . Parts Scanalyzed . | . . . . . . . . . Part Schematics Acquired . | . . . . . . . . . Parts Damaged . | . . . . . . . . . Bothacking | -11 -10 -10 -10 -9 -8 -8 -8 -7 ------------ Run | Yrd Mat Min Exi Min Mat Sto Gar Fac Used RIF Installer 1 | . . . . . . . 1 . Robots Hacked 10 | . . . . . . . 1 9 Non-combat 2 | . . . . . . . . 2 Combat 8 | . . . . . . . 1 7 Robot Hacks Applied 11 | . . . . . . . 1 10 no_distress 1 | . . . . . . . . 1 find_recycling 1 | . . . . . . . . 1 check_alert 1 | . . . . . . . . 1 link_complan 1 | . . . . . . . 1 . disrupt_area 1 | . . . . . . . . 1 streamctrl_high 2 | . . . . . . . . 2 formatsys_high 4 | . . . . . . . . 4 Relay Couplers Released 19 | . . . . . . . 19 . Machine Destruction 19 | . . . . . . . 19 . Attached 5 | . . . . . . . 2 3 Fabnet Peak Effective % . | . . . . . . . . . Robots Rewired . | . . . . . . . . . Allies Hacked . | . . . . . . . . . Hacks Repelled . | . . . . . . . . . Allies | -11 -10 -10 -10 -9 -8 -8 -8 -7 -------- Run | Yrd Mat Min Exi Min Mat Sto Gar Fac Total Allies 11 | . . . . . . 2 . 9 Largest Group 3 | . . . . . . 2 . 3 Highest-Rated Group 62 | . . . . . . 62 . 48 Highest-Rated Ally 31 | . . . . . . 31 . 20 Total Orders . | . . . . . . . . . Ally Attacks 68 | . . . . . . 36 . 32 Total Damage 784 | . . . . . . 402 . 382 Kills 4 | . . . . . . 4 . . Allies Corrupted . | . . . . . . . . . Allies Melted . | . . . . . . . . . Intel | -11 -10 -10 -10 -9 -8 -8 -8 -7 ------- Run | Yrd Mat Min Exi Min Mat Sto Gar Fac Robot Analysis Total . | . . . . . . . . . Derelict Logs Recovered 1 | . . 1 . . . . . . Drone Launches . | . . . . . . . . . Drone Recoveries . | . . . . . . . . . Exploration | -11 -10 -10 -10 -9 -8 -8 -8 -7 ------------- Run | Yrd Mat Min Exi Min Mat Sto Gar Fac Turns Passed 6330 | 55 179 531 266 125 611 488 1978 2097 Spaces Moved 3564 | 35 129 408 218 87 212 229 1211 1035 Core 13 | 13 . . . . . . . . Treads 238 | . . . . . . . 98 140 Legs 3261 | 22 129 408 218 87 212 229 1113 843 Wheels 52 | . . . . . . . . 52 Hover . | . . . . . . . . . Flight . | . . . . . . . . . Fastest Speed 50 | 50 120 120 120 120 120 120 120 100 Average Speed 124 | 119 120 120 120 120 120 120 124 130 Slowest Speed 250 | 150 120 120 120 120 120 120 250 200 Overloaded Moves . | . . . . . . . . . Propulsion Burnouts . | . . . . . . . . . Robots Hopped . | . . . . . . . . . Cave-ins Triggered . | . . . . . . . . . Exploration Rate (%) 33 | 3 30 59 42 13 13 40 77 24 Regions Visited 8 Branch Regions 4 Pre-discovered Areas . | . . . . . . . . . Known Exits Taken 2 | . . 1 . . . 1 . . Unknown Exits Taken 5 | 1 1 . 1 1 1 . . . Scrap Searched . | . . . . . . . . . Spaces Dug 51 | . . . . . . 3 48 . Terrain Destroyed 167 | . 3 6 . . 1 33 85 39 Melee 23 | . . . . . . . 23 . Projectile 10 | . . . . . 1 6 . 3 AOE 134 | . 3 6 . . . 27 62 36 Terrain Rammed . | . . . . . . . . . Walls Destroyed . | . . . . . . . . . Machines Disabled . | . . . . . . . . . Actions | -11 -10 -10 -10 -9 -8 -8 -8 -7 --------- Run | Yrd Mat Min Exi Min Mat Sto Gar Fac Total 4863 | 45 145 442 222 100 511 346 1476 1576 Wait 552 | . 3 22 . 5 243 17 35 227 Move 3555 | 34 128 407 217 86 211 228 1209 1035 Hop . | . . . . . . . . . Pick Up 123 | 5 5 1 2 . 12 9 29 60 Fast Attach 34 | 5 1 . 1 1 3 2 4 17 Attach 56 | 1 . . 1 . 4 5 15 30 Detach 11 | . . . . . . 3 . 8 Swap 90 | . 1 2 . 1 3 16 34 33 Drop 72 | . 3 2 1 2 6 8 15 35 Fire 282 | . 4 3 . 4 29 57 65 120 Melee 65 | . . . . . . 1 55 9 Ram . | . . . . . . . . . Kick 8 | . . 5 . 1 . . . 2 Crush . | . . . . . . . . . Escape Stasis 15 | . . . . . . . 15 . Rewire . | . . . . . . . . . Trap . | . . . . . . . . . Miscellaneous . | . . . . . . . . . Route ------- -11/Scrapyard -10/Materials -10/Mines (discovered 3 exits: [*Mat x2] / *Exi) -10/Exiles -9/Mines -8/Materials -8/Storage -8/Garrison (discovered 3 exits: *Fac x3) -7/Factory (discovered 4 exits: Fac x4) History --------- Turn | Location | Event 21 | -11/Scrapyard | Discovered new exit (range 13) 56 | -11/Scrapyard | Entered Materials 175 | -10/Materials | Met 8R-AWN 186 | -10/Materials | Discovered new exit (range 16) 235 | -10/Materials | Entered Mines 236 | -10/Mines | Followed 8R-AWN into the Mines 264 | -10/Mines | Discovered new exit (range 6) 306 | -10/Mines | Build established: Mutant 357 | -10/Mines | Assembled infested the area 362 | -10/Mines | Assisted by a Guerilla fighting off Assembled 437 | -10/Mines | YI-UF0 nonchalantly dropped a Grenade Launcher on the ground 466 | -10/Mines | Discovered new exit (range 5) 544 | -10/Mines | Identified exit to Exiles 766 | -10/Mines | Entered Exiles 783 | -10/Exiles | Discovered new exit (range 15) 796 | -10/Exiles | Welcomed by 8R-AWN 817 | -10/Exiles | Met EX-HEX 850 | -10/Exiles | Met EX-BIN 867 | -10/Exiles | Aligned with FarCom system 868 | -10/Exiles | Given EX-Vault access code 897 | -10/Exiles | Opened EX-Vault 909 | -10/Exiles | Found Lightpack 2.0 936 | -10/Exiles | Warned to stay clear of 0b10 Research branches 987 | -10/Exiles | Learned about 8R-AWN's background 1032 | -10/Exiles | Left Exiles lab with Lightpack 2.0 1032 | -10/Exiles | Entered Mines 1038 | -9/Mines | Met a Derelict bent on vengeance 1151 | -9/Mines | Discovered new exit (range 6) 1157 | -9/Mines | Entered Materials 1157 | -8/Materials | Evolved 4 slots: Utility x4 1159 | -8/Materials | Discovered new exit (range 7) 1453 | -8/Materials | Build established: Hauler-Mutant 1751 | -8/Materials | Garrison activated, responded to threat 1768 | -8/Materials | Entered Storage 1777 | -8/Storage | Met a pair of Derelict thieves 2103 | -8/Storage | Garrison activated, responded to threat 2249 | -8/Storage | Destroyed 7 combat bots 2255 | -8/Storage | Identified exit to Garrison 2256 | -8/Storage | Entered Garrison 2302 | -8/Garrison | Triggered checkpoint 2360 | -8/Garrison | Garrison Relay disabled 2430 | -8/Garrison | Triggered checkpoint 2508 | -8/Garrison | Discovered new exit (range 12) 2582 | -8/Garrison | Triggered checkpoint 2628 | -8/Garrison | Garrison Relay disabled 2704 | -8/Garrison | Triggered checkpoint 2846 | -8/Garrison | Discovered new exit (range 10) 2913 | -8/Garrison | Garrison Relay disabled 3096 | -8/Garrison | Discovered new exit (range 10) 3120 | -8/Garrison | Triggered checkpoint 3140 | -8/Garrison | Core integrity fell below 50% 3180 | -8/Garrison | Lost 5 parts (3p2n) 3435 | -8/Garrison | Garrison Relay disabled 3879 | -8/Garrison | Spotted B-75 Beast 3975 | -8/Garrison | Installed Relay Interface Framework 3989 | -8/Garrison | Garrison Relay disabled 4038 | -8/Garrison | Core integrity fell below 20% 4056 | -8/Garrison | Destroyed B-75 Beast 4234 | -8/Garrison | Entered Factory 4234 | -7/Factory | Evolved 2 slots: Propulsion x1, Utility x1 4275 | -7/Factory | Build established: Bothacker-Mutant 4418 | -7/Factory | Fabricated G-47 Trooper (x3) 4634 | -7/Factory | First assault squad dispatched 4854 | -7/Factory | Lost 3 allies 5095 | -7/Factory | Garrison activated, responded to threat 5172 | -7/Factory | Lost 3 parts (2n1w) 5315 | -7/Factory | P-60 Hacker assimilated allied Gladiator 4a 5323 | -7/Factory | Core integrity fell below 50% 5347 | -7/Factory | System corruption reached 10% 5377 | -7/Factory | Lost 6 parts (1p2n2u1w) 5409 | -7/Factory | Cargo convoy interrupted 5447 | -7/Factory | Build established: Hauler-Mutant 5963 | -7/Factory | Core integrity fell below 20% 6254 | -7/Factory | Identified exit to Factory 6331 | -7/Factory | Destroyed by L-41 Fighter with Axe Last Messages --------------- 06307_ U-05 Engineer lays Concrete. 06310_ ALERT: Construction progress impeded, dispatching reinforcements to local area. 06313_ Arm. Huge Wheel destroyed. 06315_ Imp. Light Armor Plating destroyed. 06317_ Hardlight Generator destroyed. 06319_ >> MONITOR: Recycling Unit F005 accepting Lgt. Ion Engine (72%). 06322_ >> MONITOR: Recycling Unit F005 accepting Terrain Scan Processor (81%). 06325_ System corrupted: Matter fused (-9). 06325_ L-41 Fighter destroyed. 06325_ >> MONITOR: Recycling Unit F005 accepting Carbon-fiber Leg (50%). 06328_ >> MONITOR: Recycling Unit F005 accepting Imp. Carbon-fiber Leg (85%). 06329_ Destroyed Imp. Melee Analysis Suite. 06329_ L-41 Fighter system corrupted by crushing effect. 06329_ L-41 Fighter knocked back. Map ----- +----------------------------------------------------+ | ?????????????????????????????????????????????????? | | ?????????????????????????????????????????????????? | | ?????????????????????????????????????????????????? | | ?????????????????????????????????????????????????? | | ?????????????????????????????????????????????????? | | ?????????????????????????????????????????????????? | | ?????????????????????????????????????????????????? | | ?????????????????????????????????????????????????? | | ?????????????????????????????????????????????????? | | ????? ???????????????????????????????????????????? | | ? "?" ???????????????????????????????????????????? | | ? """ "??????????????????????????????????????????? | | ??? ??????????????????????????????????????????? | | #####+#########??????????????????????????????????? | | ^ #??????????????????????????????????? | | #??????????????????????????????????? | | " * == #??????????????????????????????????? | | " %!= +??????????????????????????????????? | | " #??????????????????????????????????? | | " === #??????????????????????????????????? | | " ############+#########?????????????? | | " !! #?????????????? | | !! %[ #?????????????? | | % % ! #?????????????? | | = t #?????????????? | | !*% % w@% #?????????????? | | ############+#############l### #?????????????? | | #??????# #??# =#g? #?????????????? | | #??????#"" ! """ #??# # ?????????? | | #??????#"T """ #??# ?????????? | | #??????#"" """ #??# [! % % ????????? | | ######## #??# [! ?????????? | | + #??# # ?????????? | | ##### #??# ####+#####??????????? | | #???# #??# #???????????????????? | | #???###########??# #???????????????????? | | ####????????????????##########???????????????????? | | #????????????????????????????????????????????????? | | #????????????????????????????????????????????????? | | #????????????????????????????????????????????????? | | ######???????????????????????????????????????????? | | #???????????????????????????????????????????? | | #???????????????????????????????????????????? | | " ##??????????????????????????????????????????? | | #??????????????????????????????????????????? | | ##??????????????????????????????????????????? | | #???????????????????????????????????????????? | | #???????????????????????????????????????????? | | #???????????????????????????????????????????? | | "T"" #???????????????????????????????????????????? | +----------------------------------------------------+ Best States ------------- Heat Dissipation 58 Energy Generation 18 Energy Capacity 310 Matter Stores 537 Matter Capacity 600 Sight Range 16 Terrain Scan Density 10 Armor Coverage 225 Evasion (%) 55 Targeting Accuracy 11 Melee Accuracy 6 Armor Integrity Analysis 30 Recoil Reduction 3 Offensive Hacking 10 Relay Coupler Types 2 Relay Coupler Value 41 Item Schematics ----------------- None Robot Schematics ------------------ None Fabricated ------------ G-47 Trooper | x3 | -7/Factory | Preloaded Alien Tech Used ----------------- None Achievements -------------- My Command Is Your Wish Challenges ------------ None Game ------ Seed SmallAntimatterWeb Manual? 0 Play Time 01:34:22 Cumulative 24.6 hours Start 2024.04.25 @ 11:21:43 End 2024.04.25 @ 13:10:04 Sessions 1 Manual Loads 0 Difficulty Rogue Special Mode None Game No. 16 Rogue 16 Adventurer 0 Explorer 0 Win Type - Total 0 Types 0/0/0/0/0/0/0/0/0 Lore% 16 Gallery% 28 Achievement% 19 Wizard Run 0 Options --------- Layout 2 ASCII 0 Keyboard 0 Movement Arrows Keybinds 0 Fullscreen 2 Font 24/Smallcaps Map View 50x44 Zoom Use 0% Tactical HUD 1 Map Filters NONE Filters NONE Steam 0 RUN: 746b04e6-47b8-40ce-a458-779a95d1474c